 Dungeon Crawl Stone Soup version 0.31-a0-1074-g0b22e4e0f1 (webtiles) character file.

Game seed: 2775076352446422222

370 bmb222 the Poker (level 6, 0/61 HPs)
             Began as an Ogre Wanderer on Dec 1, 2023.
             Slain by a fire bat (4 damage)
             ... on level 4 of the Dungeon.
             The game lasted 00:04:16 (3663 turns).

bmb222 the Poker (Ogre Wanderer)                    Turns: 3663, Time: 00:04:17

Health: 0/61       AC:  4    Str: 17    XL:     6   Next: 70%
Magic:  9/9        EV: 10    Int: 14    God:
Gold:   201        SH:  0    Dex:  9    Spells: 8/9 levels left

rFire   . . .        a - +2 spear
rCold   . . .        (no shield)
rNeg    . . .        d - +0 robe
rPois   .            (helmet restricted)
rElec   .            b - +0 cloak
rCorr   .            (gloves unavailable)
SInv    .            (boots unavailable)
Will    +....        (no amulet)
Stlth   +            f - ring of willpower
HPRegen 0.30/turn    (no ring)
MPRegen 0.11/turn

%: no passive effects
@: no status effects
A: large, unfitting armour, tough skin 1
a: no special abilities


You were on level 4 of the Dungeon.
You visited 1 branch of the dungeon, and saw 4 of its levels.

You collected 201 gold pieces.

Inventory:

Hand Weapons
 a - a +2 spear (weapon)
Missiles
 r - 4 curare-tipped darts
Armour
 b - a +0 cloak (worn)
 d - a +0 robe (worn)
Jewellery
 f - a ring of willpower (left hand)
Scrolls
 c - 2 scrolls of teleportation
 e - a scroll of acquirement {unknown}
 l - a scroll of poison {unknown}
 m - a scroll of identify {unknown}
Potions
 g - a potion of mutation {unknown}
 h - 2 potions of enlightenment
 i - a potion of degeneration {unknown}
 j - a potion of cancellation {unknown}
 k - a potion of brilliance {unknown}
 n - a potion of curing {unknown}
 p - a potion of attraction


   Skills:
 + Level 3.1 Fighting
 - Level 6.0 Polearms
 * Level 3.5 Dodging
 + Level 0.8 Stealth
 - Level 2.4 Spellcasting
 - Level 2.6 Earth Magic


You had 8 spell levels left.
You knew the following spells:

 Your Spells              Type           Power      Damage    Failure   Level
a - Sandblast             Erth           18%        2d7       8%          1

Your spell library contained the following spells:

 Spells                   Type           Power      Damage    Failure   Level
 Stone Arrow              Conj/Erth      10%        3d7       36%         3
 Tukima's Dance           Hex            1%         N/A       56%         3
 Dimensional Bullseye     Hex/Tloc       0%         N/A       92%         4
 Iskenderun's Mystic Bla  Conj/Tloc      1%         2d3       92%         4


Dungeon Overview and Level Annotations

Branches:
Dungeon (4/15)
 Temple: D:4-7

Altars:
Qazlal
The Shining One

Shops:
D:3 (


Innate Abilities, Weirdness & Mutations

You are too large for most types of armour.
You have tough skin. (AC +1)


Message History

An orc comes into view.
It is wielding a +2 flail of protection.
An orc is nearby!
An orc is nearby!
An orc and a centaur come into view.
The orc shouts! x2; The centaur shouts!
You hear a shout!
The centaur wields a +0 orcbow.
The centaur shoots an arrow.
The arrow hits you! 2 orcs come into view.
The orc shouts!
The centaur shoots an arrow.
The arrow hits you!
You hear a shout!
The centaur shoots an arrow.
The arrow closely misses you.
The centaur shoots an arrow.
The arrow hits you!
The centaur shoots an arrow.
The arrow hits you.
The centaur shoots an arrow.
The arrow hits you!
* * * LOW HITPOINT WARNING * * *
Okay, then.
As you read the scroll of teleportation, it crumbles to dust.
You feel strangely unstable.
The centaur shoots an arrow.
The arrow hits you.
* * * LOW HITPOINT WARNING * * *
The centaur shoots an arrow.
The arrow barely misses you.
The centaur shoots an arrow.
The arrow closely misses you.
Your surroundings suddenly seem different.
An ice bat, a rotten bat, 3 fire bats and 2 ghost-faced bats come into view.
The rotten bat barely misses you. The rotten bat completely misses you.
The ice bat hits you.
* * * LOW HITPOINT WARNING * * *
The ice bat freezes you.
* * * LOW HITPOINT WARNING * * *
The fire bat bites you.
* * * LOW HITPOINT WARNING * * *
You are engulfed in flames.
* * * LOW HITPOINT WARNING * * *
The rotten bat closely misses you. The ice bat closely misses you.
The fire bat bites you.
* * * LOW HITPOINT WARNING * * *
You are engulfed in flames.
* * * LOW HITPOINT WARNING * * *
The fire bat bites you.
You die...

#...#.##.#
#+# #
#......#
#...#.####
##.##.##
#.#...##
#......#
#.#..†#####
#....##
#.Z###
#....###.##
#@Z# #.#.#
##.##
#bb..# #..#
##.#
#.Z...# #..
#.# ##.b.Z#
(.# ##.#
#.#.# ###
#.#.# ##.##
#### #.#
#....###)##
####### #.#
#...##
#.....##
#.# ##.##
##.....####
#.#


You could see 2 ghost-faced bats, 3 fire bats, an ice bat and a rotten bat.

Vanquished Creatures
  A scorpion (D:4)
  A sleepcap (D:4)
  Natasha (thrice) (D:3)
  Jessica (D:3)
  An orc wizard (D:4)
  Robin (D:3)
  3 gnolls (D:3)
  3 adders
  3 dart slugs
  4 orcs
  4 ball pythons
  12 endoplasms
  4 giant cockroaches
  9 goblins (D:3)
  10 hobgoblins
  2 jackals (D:1)
  3 quokkas
  5 bats
  3 frilled lizards
  3 kobolds
  6 rats
82 creatures vanquished.

Notes
Turn   | Place    | Note
-------+----------+-------------------------------------------
     0 | D:1      | bmb222 the Ogre Wanderer began the quest for the Orb.
     0 | D:1      | bmb222 set off with the following items: a +2 spear, a +0
                  | cloak, a scroll of teleportation, a +0 robe; and the
                  | following spell memorised: Sandblast; and the following
                  | spells available to memorise: Stone Arrow.
     0 | D:1      | Reached XP level 1. HP: 16/16 MP: 3/3
   131 | D:1      | Reached XP level 2. HP: 23/24 MP: 5/5
   452 | D:1      | Reached XP level 3. HP: 24/31 MP: 6/6
   963 | D:2      | Reached skill level 5 in Polearms
  1000 | D:2      | Reached XP level 4. HP: 40/40 MP: 7/7
  1050 | D:2      | Reached skill level 1 in Fighting
  1189 | D:3      | Noticed Robin
  1210 | D:3      | Killed Robin
  1333 | D:3      | Reached XP level 5. HP: 23/48 MP: 8/8
  1435 | D:3      | Found a glowing golden altar of the Shining One.
  1482 | D:3      | Noticed Natasha
  1498 | D:3      | Killed Natasha
  1517 | D:3      | Found Tyzidd's Antique Weapon Boutique.
  1848 | D:3      | Noticed Jessica
  1858 | D:3      | Killed Jessica
  1896 | D:3      | Found a faded altar of an unknown god.
  2003 | D:3      | Noticed Natasha
  2027 | D:3      | Killed Natasha
  2176 | D:3      | Noticed Natasha
  2190 | D:3      | Killed Natasha
  2191 | D:3      | Reached skill level 6 in Polearms
  2191 | D:3      | Reached XP level 6. HP: 29/57 MP: 9/9
  3127 | D:4      | Found a stormy altar of Qazlal.
  3663 | D:4      | Slain by a fire bat

Illustrated notes

Levels and vault maps discovered:
D:1:      evilmike_arrival_rings, layout_basic
D:2:      layout_rooms
D:3:      kennysheep_big_flooded_room, layout_basic, tso_metal_star,
          serial_shops, shop, shapermc_ecumenical_altar_mp_vishouse, uniq_robin,
          uniq_jessica, uniq_natasha, uniq_crazy_yiuf_cottage
D:4:      layout_loops_corners, mainiacjoe_overflow_alcove_2, goddamned_bats

Skill      XL: |  1  2  3  4  5  6 |
---------------+-------------------+-----
Polearms       | 5 6 |  6.0
Dodging        | 2 3 |  3.5
Fighting       | 1 2 3 |  3.1
Stealth        | |  0.8
Spellcasting   | |  2.4
Earth Magic    | |  2.6

Action                     |  1- 3 |  4- 6 || total
---------------------------+-------+-------++-------
  Melee: Spear             |   118 |   200 ||   318
         Punch             |       |     1 ||     1
   Cast: Sandblast         |       |    13 ||    13
    Use: Potion            |       |     4 ||     4
         Scroll            |       |     1 ||     1
   Stab: Sleeping          |       |     1 ||     1
 Armour: Robe              |    52 |   118 ||   170
  Dodge: Dodged            |    39 |    75 ||   114

Table legend: (Time is in decaauts)
 A = Elapsed time spent in this place.
 B = Non-inter-level travel time spent in this place.
 C = Inter-level travel time spent in this place.
 D = Time resting spent in this place.
 E = Time spent auto-exploring this place.
 F = Levels seen in this place.
 G = Mean time per level.
                   A        B        C        D        E       F      G
               +--------+--------+--------+--------+--------+-----+--------+
         Total |   3616 |   3411 |    205 |    712 |   2161 |   4 |  904.0 |
       Dungeon |   3616 |   3411 |    205 |    712 |   2161 |   4 |  904.0 |
               +--------+--------+--------+--------+--------+-----+--------+

Top non-repeatable levels by time:
     D:3: 1404 daAuts
     D:4: 1040 daAuts
     D:1: 797 daAuts
     D:2: 374 daAuts
